[ AOE2 MATCH · #505070988 ]
UnrankedBritons vs Persians
Player's team · WIN
Rival team · LOSS
[ REPLAY ANALYSIS · EXTRACTED FROM THE RECORDED GAME ]
Feudal
9:41
Castle
30:45
Imperial
—
| APM avg | 84.3 |
| APM peak | 124 |
| eAPM avg | 29.4 |
| Villagers / military | 55 / 40 |
Focus
⚔️ 32.1% · 🌾 67.9%
Skirmisher ×32 · Archer ×5 · Scout Cavalry ×3
Feudal
9:39
Castle
—
Imperial
—
| APM avg | 60.2 |
| APM peak | 99 |
| eAPM avg | 29.7 |
| Villagers / military | 54 / 49 |
Focus
⚔️ 43.0% · 🌾 57.0%
Archer ×22 · Skirmisher ×20 · Spearman ×4 · Scout Cavalry ×3
Match map
Initial resources + every placement click. Lines = walls · curves = elevation contours. ◆ gold · ⬟ stone · ● berries · ✦ relic · ◌ wall gap
Your base· Open — 3t gap
LRNI MarinM's base· Open — 5t gap
Smoothed initial terrain · ◌ = detected wall gap · hover for details
Inputs per minute
— KryptixXL - - LRNI MarinM
Build order — KryptixXL
140 actions detected in the replay
| 0:00 | Queue | Villager (Male) ×4 |
| 0:02 | Build | House |
| 0:02 | Build | House |
| 1:08 | Queue | Villager (Male) |
| 1:29 | Queue | Villager (Male) |
| 1:29 | Queue | Villager (Male) |
| 1:48 | Queue | Villager (Male) |
| 1:49 | Build | Lumber Camp |
| 2:11 | Queue | Villager (Male) |
| 2:12 | Queue | Villager (Male) |
| 2:42 | Queue | Villager (Male) |
| 2:59 | Queue | Villager (Male) |
| 3:29 | Queue | Villager (Male) |
| 3:44 | Queue | Villager (Male) |
| 3:48 | Build | House |
| 3:49 | Build | House |
| 4:03 | Queue | Villager (Male) |
| 4:27 | Queue | Villager (Male) |
| 5:04 | Queue | Villager (Male) |
| 5:04 | Queue | Villager (Male) |
| 5:25 | Build | Mill |
| 5:39 | Queue | Villager (Male) |
| 5:39 | Queue | Villager (Male) |
| 5:39 | Queue | Villager (Male) |
| 6:13 | Queue | Villager (Male) |
| 6:14 | Queue | Villager (Male) |
| 6:27 | Build | Mining Camp |
| 6:48 | Research | Loom |
| 7:09 | Build | House |
| 7:22 | Research | Feudal Age |
| 8:03 | Build | Barracks |
| 9:12 | Build | House |
| 9:26 | Build | House |
| 9:32 | Build | House |
| 9:35 | Queue | Villager (Male) |
| 9:40 | Build | House |
| 9:41 | Age | Feudal Age |
| 9:41 | Build | House |
| 9:51 | Build | Watch Tower |
| 9:54 | Build | Palisade Wall |
| 9:57 | Build | House |
| 9:59 | Build | House |
| 10:09 | Build | House |
| 10:14 | Build | House |
| 10:18 | Queue | Villager (Male) |
| 10:18 | Queue | Villager (Male) |
| 10:19 | Queue | Villager (Male) |
| 10:53 | Queue | Villager (Male) |
| 10:53 | Queue | Villager (Male) |
| 11:09 | Build | House |
| 11:12 | Build | Palisade Wall |
| 11:26 | Build | Archery Range |
| 11:53 | Queue | Villager (Male) |
| 11:53 | Queue | Villager (Male) |
| 12:13 | Queue | Villager (Male) |
| 12:13 | Queue | Villager (Male) |
| 12:26 | Research | Double-Bit Axe |
| 12:28 | Queue | Archer |
| 12:28 | Queue | Archer |
| 12:28 | Queue | Archer |
| 12:28 | Queue | Archer |
| 12:28 | Queue | Archer |
| 12:45 | Queue | Villager (Male) |
| 12:55 | Queue | Villager (Male) |
| 13:46 | Queue | Villager (Male) |
| 13:49 | Build | Market |
| 13:53 | Queue | Villager (Male) |
| 14:03 | Queue | Villager (Male) |
| 14:20 | Queue | Skirmisher |
| 14:21 | Queue | Skirmisher |
| 14:55 | Queue | Villager (Male) |
| 14:55 | Queue | Villager (Male) |
| 15:22 | Queue | Villager (Male) |
| 15:22 | Queue | Villager (Male) |
| 15:33 | Queue | Villager (Male) |
| 15:33 | Queue | Villager (Male) |
| 15:51 | Queue | Villager (Male) |
| 16:16 | Queue | Villager (Male) |
| 16:42 | Build | Stable |
| 17:04 | Queue | Villager (Male) |
| 17:18 | Queue | Scout Cavalry |
| 17:23 | Queue | Villager (Male) |
| 17:37 | Build | Mill |
| 17:56 | Build | Town Center |
| 18:11 | Queue | Scout Cavalry |
| 18:24 | Build | Watch Tower |
| 18:27 | Build | Palisade Wall |
| 18:38 | Build | Palisade Wall |
| 18:40 | Build | Palisade Wall |
| 18:40 | Build | Palisade Wall |
| 19:35 | Queue | Scout Cavalry |
| 20:37 | Build | Town Center |
| 20:57 | Build | Palisade Wall |
| 21:01 | Queue | Skirmisher |
| 21:01 | Queue | Skirmisher |
| 21:02 | Queue | Skirmisher |
| 21:55 | Queue | Skirmisher |
| 22:07 | Queue | Villager (Male) |
| 22:20 | Queue | Skirmisher |
| 22:36 | Build | Farm |
| 22:42 | Queue | Skirmisher |
| 23:00 | Queue | Villager (Male) |
| 23:32 | Queue | Skirmisher |
| 23:37 | Queue | Villager (Male) |
| 23:57 | Queue | Skirmisher |
| 24:13 | Queue | Skirmisher |
| 24:14 | Queue | Villager (Male) |
| 24:32 | Queue | Skirmisher |
| 24:32 | Queue | Skirmisher |
| 24:55 | Build | Watch Tower |
| 25:18 | Queue | Skirmisher |
| 25:40 | Queue | Skirmisher |
| 25:42 | Queue | Villager (Male) |
| 26:04 | Queue | Skirmisher |
| 26:41 | Queue | Skirmisher |
| 27:05 | Queue | Skirmisher |
| 28:05 | Research | Castle Age |
| 28:11 | Queue | Skirmisher |
| 28:34 | Queue | Skirmisher |
| 29:06 | Queue | Villager (Male) |
| 29:06 | Queue | Villager (Male) |
| 29:11 | Queue | Skirmisher |
| 29:28 | Queue | Skirmisher |
| 29:44 | Queue | Skirmisher |
| 30:02 | Queue | Skirmisher |
| 30:21 | Queue | Skirmisher |
| 30:45 | Age | Castle Age |
| 31:25 | Queue | Skirmisher |
| 31:36 | Build | Mining Camp |
| 31:42 | Queue | Skirmisher |
| 32:02 | Queue | Skirmisher |
| 32:49 | Queue | Skirmisher |
| 32:50 | Queue | Skirmisher |
| 32:52 | Build | Blacksmith |
| 33:45 | Research | Fletching |
| 33:49 | Queue | Skirmisher |
| 33:49 | Queue | Skirmisher |
| 34:52 | Build | Castle |
| 35:07 | Build | Town Center |
| 35:24 | Research | Bodkin Arrow |
Build order — LRNI MarinM
145 actions detected in the replay
| 0:00 | Queue | Villager (Male) |
| 0:00 | Queue | Villager (Male) |
| 0:01 | Queue | Villager (Male) |
| 0:02 | Build | House |
| 0:04 | Build | House |
| 0:26 | Queue | Villager (Male) |
| 0:26 | Queue | Villager (Male) |
| 0:27 | Queue | Villager (Male) |
| 1:31 | Queue | Villager (Male) |
| 1:55 | Queue | Villager (Male) |
| 1:55 | Queue | Villager (Male) |
| 2:32 | Queue | Villager (Male) |
| 2:38 | Queue | Villager (Male) |
| 2:44 | Queue | Villager (Male) |
| 2:44 | Queue | Villager (Male) |
| 2:55 | Build | House |
| 3:47 | Queue | Villager (Male) |
| 3:56 | Queue | Villager (Male) |
| 4:01 | Queue | Villager (Male) |
| 4:17 | Queue | Villager (Male) |
| 4:50 | Build | Lumber Camp |
| 4:59 | Build | House |
| 5:05 | Queue | Villager (Male) |
| 5:47 | Queue | Villager (Male) |
| 5:56 | Queue | Villager (Male) |
| 6:22 | Build | Mill |
| 6:38 | Queue | Villager (Male) |
| 7:11 | Research | Loom |
| 7:33 | Research | Feudal Age |
| 8:02 | Build | House |
| 8:42 | Queue | Villager (Male) |
| 9:24 | Queue | Villager (Male) |
| 9:39 | Age | Feudal Age |
| 9:44 | Build | Barracks |
| 9:50 | Research | Double-Bit Axe |
| 9:52 | Queue | Villager (Male) |
| 10:05 | Queue | Villager (Male) |
| 10:09 | Build | Archery Range |
| 10:30 | Queue | Villager (Male) |
| 11:01 | Queue | Skirmisher |
| 11:02 | Queue | Skirmisher |
| 11:21 | Queue | Villager (Male) |
| 12:18 | Queue | Skirmisher |
| 12:21 | Build | House |
| 12:31 | Queue | Villager (Male) |
| 13:30 | Queue | Skirmisher |
| 13:58 | Queue | Villager (Male) |
| 14:18 | Queue | Skirmisher |
| 14:18 | Queue | Skirmisher |
| 14:41 | Build | Town Center |
| 14:49 | Queue | Skirmisher |
| 15:00 | Queue | Skirmisher |
| 15:05 | Build | House |
| 15:47 | Queue | Villager (Male) |
| 16:03 | Queue | Archer |
| 16:09 | Build | Mining Camp |
| 16:15 | Queue | Villager (Male) |
| 16:54 | Queue | Spearman |
| 17:15 | Queue | Archer |
| 17:15 | Queue | Archer |
| 17:26 | Queue | Villager (Male) |
| 17:26 | Queue | Villager (Male) |
| 17:40 | Queue | Archer |
| 17:50 | Build | Palisade Wall |
| 17:52 | Build | Palisade Wall |
| 17:53 | Build | Palisade Wall |
| 17:55 | Build | Palisade Wall |
| 17:55 | Build | Palisade Wall |
| 18:01 | Queue | Spearman |
| 18:06 | Queue | Archer |
| 18:40 | Build | Town Center |
| 18:55 | Queue | Archer |
| 18:55 | Queue | Archer |
| 19:06 | Build | House |
| 19:11 | Queue | Spearman |
| 19:11 | Queue | Spearman |
| 19:44 | Queue | Archer |
| 19:44 | Queue | Archer |
| 19:48 | Queue | Villager (Male) |
| 19:48 | Queue | Villager (Male) |
| 20:40 | Build | Palisade Wall |
| 20:45 | Build | Palisade Wall |
| 20:48 | Queue | Villager (Male) |
| 20:52 | Build | Blacksmith |
| 21:00 | Build | Palisade Wall |
| 21:26 | Build | Mill |
| 21:47 | Queue | Archer |
| 21:48 | Queue | Archer |
| 21:55 | Build | Mining Camp |
| 22:26 | Queue | Skirmisher |
| 22:50 | Queue | Villager (Male) |
| 22:51 | Queue | Villager (Male) |
| 22:54 | Queue | Skirmisher |
| 22:54 | Queue | Skirmisher |
| 23:16 | Queue | Archer |
| 24:01 | Queue | Skirmisher |
| 24:07 | Queue | Villager (Male) |
| 24:40 | Queue | Skirmisher |
| 24:42 | Queue | Archer |
| 24:43 | Queue | Archer |
| 24:56 | Queue | Archer |
| 25:14 | Queue | Villager (Male) |
| 25:14 | Queue | Villager (Male) |
| 25:26 | Queue | Archer |
| 25:51 | Queue | Villager (Male) |
| 26:45 | Build | Palisade Wall |
| 26:51 | Build | Town Center |
| 27:00 | Queue | Skirmisher |
| 27:15 | Queue | Skirmisher |
| 27:44 | Queue | Skirmisher |
| 27:58 | Queue | Archer |
| 28:08 | Build | Mill |
| 28:41 | Queue | Skirmisher |
| 29:17 | Queue | Skirmisher |
| 29:26 | Queue | Skirmisher |
| 29:44 | Queue | Skirmisher |
| 30:38 | Queue | Villager (Male) |
| 30:39 | Queue | Archer |
| 30:39 | Queue | Archer |
| 31:18 | Build | Palisade Wall |
| 31:19 | Build | Palisade Wall |
| 31:21 | Build | Palisade Wall |
| 31:22 | Build | Palisade Wall |
| 31:24 | Build | Palisade Wall |
| 31:30 | Queue | Villager (Male) |
| 31:39 | Build | Market |
| 32:46 | Queue | Villager (Male) |
| 32:52 | Build | Mill |
| 33:03 | Queue | Archer |
| 33:03 | Queue | Archer |
| 33:20 | Queue | Villager (Male) |
| 34:03 | Build | Stable |
| 34:16 | Queue | Villager (Male) |
| 34:22 | Queue | Villager (Male) |
| 34:23 | Queue | Villager (Male) |
| 34:23 | Queue | Villager (Male) |
| 34:30 | Queue | Scout Cavalry |
| 34:31 | Queue | Scout Cavalry |
| 34:36 | Queue | Archer |
| 34:39 | Queue | Villager (Male) |
| 34:49 | Queue | Villager (Male) |
| 35:05 | Build | Farm |
| 35:12 | Queue | Villager (Male) |
| 35:16 | Queue | Scout Cavalry |
| 36:02 | Queue | Villager (Male) |
Match timeline
| 8:03 | KryptixXL · first_building Barracks |
| 9:39 | LRNI MarinM · age_up feudal |
| 9:41 | KryptixXL · age_up feudal |
| 9:44 | LRNI MarinM · first_building Barracks |
| 9:54 | KryptixXL · wall_segment Palisade Wall x1 |
| 10:09 | LRNI MarinM · first_building Archery Range |
| 11:12 | KryptixXL · wall_segment Palisade Wall x1 |
| 11:26 | KryptixXL · first_building Archery Range |
| 16:13 | KryptixXL · first_market_sell 100 food |
| 16:14 | KryptixXL · first_market_buy 100 stone |
| 16:42 | KryptixXL · first_building Stable |
| 17:50 | LRNI MarinM · wall_segment Palisade Wall x1 |
| 17:52 | LRNI MarinM · wall_segment Palisade Wall x5 |
| 17:53 | LRNI MarinM · wall_segment Palisade Wall x5 |
| 17:55 | LRNI MarinM · wall_segment Palisade Wall x6 |
| 17:55 | LRNI MarinM · wall_segment Palisade Wall x4 |
| 18:27 | KryptixXL · wall_segment Palisade Wall x1 |
| 18:38 | KryptixXL · wall_segment Palisade Wall x1 |
| 18:40 | KryptixXL · wall_segment Palisade Wall x1 |
| 18:40 | KryptixXL · wall_segment Palisade Wall x1 |
| 20:40 | LRNI MarinM · wall_segment Palisade Wall x1 |
| 20:45 | LRNI MarinM · wall_segment Palisade Wall x1 |
| 20:57 | KryptixXL · wall_segment Palisade Wall x1 |
| 21:00 | LRNI MarinM · wall_segment Palisade Wall x1 |
| 26:45 | LRNI MarinM · wall_segment Palisade Wall x1 |
| 30:45 | KryptixXL · age_up castle |
| 31:18 | LRNI MarinM · wall_segment Palisade Wall x1 |
| 31:19 | LRNI MarinM · wall_segment Palisade Wall x1 |
| 31:21 | LRNI MarinM · wall_segment Palisade Wall x1 |
| 31:22 | LRNI MarinM · wall_segment Palisade Wall x1 |
| 31:24 | LRNI MarinM · wall_segment Palisade Wall x1 |
| 34:03 | LRNI MarinM · first_building Stable |
| 34:18 | LRNI MarinM · first_market_buy 100 food |
| 34:52 | KryptixXL · first_building Castle |
| 36:39 | LRNI MarinM · resign |
[ AI ANALYSIS · 1 CREDIT ]
What really happened in this match?
Wolo.gg analyzes every decision: build order, eco, micro, common mistakes by bracket. Personalized analysis on WhatsApp or Discord in 30 seconds.
Civ guide
Britons
Perfil
Jugador #15613679